 Dungeon Crawl Stone Soup version 0.28-a0-1389-gc726bef33b (webtiles) character file.

Game seed: 12591072879280863531

16573 kae the Grappler (level 12, -4/103 HPs)
             Began as a Red Draconian Transmuter on Jan 3, 2022.
             Was a Believer of Ru.
             Slain by a death yak (23 damage)
             ... on level 1 of the Lair of Beasts.
             The game lasted 00:18:42 (12763 turns).

kae the Grappler (Red Draconian Transmuter)        Turns: 12763, Time: 00:18:43

Health: -4/103     AC: 10    Str: 11    XL:     12   Next: 11%
Magic:  17/21      EV: 20    Int: 18    God:    Ru [**....]
Gold:   555        SH:  0    Dex: 12    Spells: 10/23 levels left

rFire   + . .      SeeInvis .     - Unarmed
rCold   . . .      Faith    .   (shield currently unavailable)
rNeg    . . .      Spirit   .   (armour unavailable)
rPois   +          Reflect  .   (helmet restricted)
rElec   .          Harm     .   v - +1 cloak of Starlight {*Dazzle EV+4 Stlth--}
rCorr   .          Rampage  .   (gloves currently unavailable)
Will    .....                   (no boots)
Stlth   ..........              e - amulet of regeneration
HPRegen 1.07/turn               m - ring of poison resistance
MPRegen 0.17/turn               u - +4 ring of slaying

@: short of breath, blade hands, studying Dodging
A: breathe fire, AC +8, unfitting armour, fire resistance 1, cold-blooded,
inability to use devices, screaming 1, weak 1
a: Breathe Fire, End Transformation, Renounce Religion


You were on level 1 of the Lair of Beasts.
You worshipped Ru.
Ru was pleased with you.
You had blades for hands.
You visited 3 branches of the dungeon, and saw 12 of its levels.
You also visited: Sewer and Volcano.

You collected 843 gold pieces.
You spent 288 gold pieces at shops.

Inventory:

Missiles
 f - 5 throwing nets
Armour
 p - a scarf of shadows
 v - the +1 cloak of Starlight (worn) {*Dazzle EV+4 Stlth--}
   (You acquired it on level 8 of the Dungeon)

   It may blind those who miss an attack against the wearer in melee combat.
   EV:        It affects your evasion (+4).
   Stlth:     It makes you much less stealthy.
Jewellery
 e - an amulet of regeneration (around neck)
 m - a ring of poison resistance (left blade hand)
 u - a +4 ring of slaying (right blade hand)
Scrolls
 j - 2 scrolls of magic mapping
 l - a scroll of brand weapon
 n - 6 scrolls of torment
 o - a scroll of blinking
 q - a scroll of silence
 s - a scroll of summoning
 w - a scroll of holy word
 y - 2 scrolls of identify
 z - 2 scrolls of enchant armour
Potions
 a - a potion of resistance
 b - 3 potions of attraction
 c - 5 potions of haste
 d - a potion of curing
 g - 4 potions of cancellation
 h - 2 potions of heal wounds
 i - 2 potions of mutation
 k - 2 potions of magic
 r - a potion of lignification
 t - 3 potions of might


   Skills:
 + Level 8.6 Fighting
 + Level 10.3 Dodging
 * Level 11.4 Unarmed Combat
 - Level 6.0 Spellcasting
 - Level 10.0 Transmutations
 - Level 4.1 Ice Magic
 - Level 1.0 Poison Magic


You had 10 spell levels left.
You knew the following spells:

 Your Spells              Type           Power      Damage    Failure   Level
a - Beastly Appendage     Tmut           82%        N/A       9%          1
b - Spider Form           Tmut/Pois      25%        N/A       28%         3
c - Ice Form              Ice/Tmut       30%        N/A       38%         4
d - Blade Hands           Tmut           20%        N/A       34%         5

Your spell library contained the following spells:

 Spells                   Type           Power      Damage    Failure   Level
 Wereblood                Tmut           41%        N/A       10%         2
 Freeze                   Ice            80%        1d9       22%         1
 Frozen Ramparts          Ice            40%        1d6       38%         3
 Ensorcelled Hibernation  Hex/Ice        24%        N/A       41%         2
 Hailstorm                Conj/Ice       12%        3d5       85%         4
 Iskenderun's Battlesphe  Conj           5%         2d6       100%        5
 Iron Shot                Conj/Erth      2%         9d2       100%        6
 Spellforged Servitor     Conj/Summ      2%         N/A       100%        7
 Animate Armour           Summ/Erth      Unusable   N/A       N/A         4

Dungeon Overview and Level Annotations

Branches:
Dungeon (10/15)            Temple (1/1) D:5            Lair (1/6) D:10
    Orc (0/2) D:9           Sewer (visited)         Volcano (visited)

Altars:
Ashenzari
Cheibriados
Dithmenos
Elyvilon
Fedhas
Gozag
Hepliaklqana
Kikubaaqudgha
Makhleb
Nemelex Xobeh
Okawaru
Qazlal
Ru
Sif Muna
Trog
Uskayaw
Vehumet
Wu Jian
Xom
Yredelemnul
Zin
The Shining One

Shops:
D:7 =   D:10 **!(

Annotations:
D:10 Erica, Grum


Innate Abilities, Weirdness & Mutations

You have blades for hands.
Your spellcasting is less reliable in this form.
You are incapable of wielding weapons or throwing items.
You can breathe blasts of fire.
Your fiery red scales are hard. (AC +8)
You cannot fit into any form of body armour.
Your flesh is heat resistant. (rF+)
You are cold-blooded and may be slowed by cold attacks.
You cannot study or use magical devices.
You occasionally shout uncontrollably at your foes.
You are weak. (Str -2)


Message History

The anaconda simulacrum freezes you. You resist.
The anaconda simulacrum constricts you.
You escape the anaconda simulacrum's grasp.
The wolf bites you.
Okay, then.
The wolf bites you but does no damage.
You warm up again.
The +1 cloak of Starlight {*Dazzle EV+4 Stlth--} unmelds from your body.
The wolf completely misses you.
Aiming: Breathe Fire (2% risk of failure)
Press: ? - help, Shift-Dir - straight line You breathe a blast of fire.
The fiery breath hits the wolf!
The wolf is heavily wounded.
The wolf is engulfed in blazing flames.
The wolf barely misses you.
Casting: Ice Form (dangerous; 7% risk of failure)
Confirm with . or Enter, or press ? or * to list all spells.
Your hands turn into razor-sharp scythe blades.
The death yak is engulfed in blazing flames.
The death yak gores you!!
You slash the death yak! You tail-slap the death yak.
The death yak is moderately wounded.
The death yak is engulfed in blazing flames.
The death yak gores you!!
* * * LOW HITPOINT WARNING * * *
You hit the death yak.
The death yak is severely wounded.
The death yak is engulfed in blazing flames.
The death yak gores you.
* * * LOW HITPOINT WARNING * * *
You slash the death yak!
The death yak is severely wounded.
The death yak gores you!
* * * LOW HITPOINT WARNING * * *
You slash the death yak!
The death yak is almost dead.
You completely miss the death yak.
You tail-slap the death yak, but do no damage.
The death yak is almost dead.
The death yak gores you!!
You die...

#....................
#................##.#
#...............#....
#..##..#####....+....
#..#.......#....#.... ****
#..#.......#....#.... *≈≈**
##..#............#....
*≈≈≈**#...#.......#....#....
*≈≈≈≈*##..#@......#....##..#
*#≈≈≈*#..Z#Y......#.........
#≈≈≈≈#..†h####+#..,,,......
#.≈≈≈##.ZY.......,,,,......
#.≈≈≈##..........,,,,......
#≈.≈≈≈#..........,,,,,,....
#.≈≈≈≈#..........,,,,,*####
#.≈≈≈≈≈..........,,****
#.≈≈≈≈≈..........,** #####


You could see a death yak, a yak, a wolf and a death yak simulacrum.

Vanquished Creatures
  Harold (D:7)
  A hydra (D:9)
  3 two-headed ogres
  A deep elf pyromancer (D:8)
  A lindwurm (Lair:1)
  An ugly thing (D:8)
  2 gargoyles (Volcano)
  A black mamba (Lair:1)
  A cane toad (Lair:1)
  Maggie (D:10)
  Psyche (D:8)
  An efreet (Volcano)
  2 kobold demonologists (D:10)
  An ice devil (Lair:1)
  2 komodo dragons (Lair:1)
  Grinder (Sewer)
  A polar bear (Lair:1)
  3 blink frogs (Lair:1)
  2 dream sheep (D:10)
  A yak (Lair:1)
  A steam dragon (D:9)
  An acid dragon (D:8)
  7 water moccasins
  An ice beast (D:6)
  A sky beast (D:7)
  2 black bears
  A necrophage (D:6)
  An ogre (D:9)
  5 orc warriors
  4 wolves
  4 centaurs
  3 phantoms
  14 kobold brigands
  5 bullfrogs
  2 earth elementals (Volcano)
  4 scorpions
  A wyvern zombie (D:6)
  A wyvern skeleton (D:3)
  A water moccasin skeleton (D:4)
  A killer bee (D:8)
  13 wights
  9 howler monkeys
  7 electric eels
  A centaur zombie (D:8)
  A bullfrog zombie (D:7)
  A quasit (Sewer)
  2 gnoll shamans
  A centaur skeleton (D:6)
  A jelly (D:8)
  4 orc priests
  11 hounds
  6 iguanas
  A bullfrog skeleton (D:5)
  8 orc wizards
  4 hound skeletons (D:4)
  15 gnolls
  A howler monkey zombie (D:8)
  A howler monkey skeleton (D:7)
  2 naga simulacra (Lair:1)
  11 adders
  5 shadow imps
  5 white imps
  3 ufetubi
  A worm (D:3)
  2 dart slugs
  44 orcs
  4 ball pythons
  6 bats
  5 endoplasms
  6 giant cockroaches
  7 goblins
  4 hobgoblins
  5 jackals (D:1)
  5 quokkas
  4 frilled lizards
  A giant cockroach zombie (Sewer)
  36 kobolds
  A kobold zombie (Sewer)
  5 rats
337 creatures vanquished.

Vanquished Creatures (collateral kills)
  A scorpion (D:2)
1 creature vanquished.

Vanquished Creatures (others)
  A harpy simulacrum (Lair:1)
  2 kobold zombies (Sewer)
  2 fungi (Lair:1)
  5 plants
10 creatures vanquished.

Grand Total: 348 creatures vanquished

Notes
Turn   | Place    | Note
-------+----------+-------------------------------------------
     0 | D:1      | kae the Draconian Transmuter began the quest for the Orb.
     0 | D:1      | Reached XP level 1. HP: 16/16 MP: 3/3
    29 | D:1      | You fall into a shaft and drop 1 floor!
    64 | D:2      | Reached XP level 2. HP: 6/23 MP: 5/5
   810 | D:2      | Reached XP level 3. HP: 28/28 MP: 4/6
   814 | D:2      | Learned a level 3 spell: Spider Form
   930 | D:2      | Noticed a scorpion
   942 | D:2      | Killed a scorpion
   943 | D:2      | Reached XP level 4. HP: 11/35 MP: 6/8
  1223 | D:2      | Learned a level 4 spell: Ice Form
  2196 | D:1      | Found a faded altar of an unknown god.
  2503 | D:2      | Reached XP level 5. HP: 36/40 MP: 9/9
  2756 | D:3      | Noticed a phantom
  2772 | D:3      | Killed a phantom
  2773 | D:3      | Reached skill level 1 in Poison Magic
  2964 | D:3      | Reached skill level 1 in Ice Magic
  3243 | D:3      | Reached skill level 5 in Transmutations
  3243 | D:3      | Reached XP level 6. HP: 19/47 MP: 4/11
  3487 | D:4      | Found a glowing drain.
  3512 | Sewer    | Entered a sewer
  3739 | Sewer    | Your scales start taking on a fiery red colour.
  3739 | Sewer    | Reduced skill Ice Magic to level 1
  3739 | Sewer    | Reached XP level 7. HP: 33/52 MP: 5/13
  3739 | Sewer    | Gained mutation: Your flesh is heat resistant. (rF+) [Red
                  | Draconian growth]
  3801 | Sewer    | Found a burning altar of Makhleb.
  3833 | Sewer    | Noticed Grinder
  3847 | Sewer    | Paralysed by Grinder for 5 turns
  3874 | Sewer    | Killed Grinder
  4217 | D:4      | Found a sparkling altar of Nemelex Xobeh.
  4450 | D:4      | Reached XP level 8. HP: 31/59 MP: 11/15
  5488 | D:5      | Entered Level 5 of the Dungeon
  5543 | D:5      | Reached skill level 5 in Spellcasting
  6012 | D:5      | Found a staircase to the Ecumenical Temple.
  6033 | Temple   | Entered the Ecumenical Temple
  7288 | D:6      | Reached XP level 9. HP: 64/64 MP: 14/17
  7879 | D:6      | Found a glowing silver altar of Zin.
  8023 | D:6      | Reached skill level 10 in Transmutations
  8088 | D:7      | Noticed Harold
  8100 | D:7      | Killed Harold
  8101 | D:7      | Reached skill level 4 in Unarmed Combat
  8108 | D:7      | Reached skill level 5 in Unarmed Combat
  8314 | D:7      | Found a shimmering blue altar of Sif Muna.
  8360 | D:7      | Reached XP level 10. HP: 73/76 MP: 15/19
  8440 | D:7      | Found Vostrar's Jewellery Shoppe.
  8685 | D:8      | Reached skill level 5 in Dodging
  8686 | D:8      | Reached skill level 6 in Unarmed Combat
  8892 | D:8      | Identified a scroll of acquirement
  8892 | D:8      | Acquired the +1 cloak of Starlight {*Dazzle EV+4 Stlth--}
  8892 | D:8      | Found the +1 cloak of Starlight {*Dazzle EV+4 Stlth--}
  8949 | D:8      | Noticed a deep elf pyromancer
  8977 | D:8      | Killed a deep elf pyromancer
  9059 | D:8      | Noticed a brown ugly thing
  9059 | D:8      | Noticed a two-headed ogre
  9078 | D:8      | Killed a brown ugly thing
  9105 | D:8      | Noticed a two-headed ogre
  9110 | D:8      | Reached skill level 7 in Unarmed Combat
  9113 | D:8      | Killed a two-headed ogre
  9114 | D:8      | Reached skill level 5 in Fighting
  9174 | D:8      | Killed a two-headed ogre
  9175 | D:8      | Reached skill level 8 in Unarmed Combat
  9234 | D:8      | Found a sacrificial altar of Ru.
  9499 | D:8      | Noticed Psyche
  9524 | D:8      | Killed Psyche
  9571 | D:8      | Found a shimmering altar of Xom.
  9784 | D:8      | Became a worshipper of Ru the Awakened
  9887 | D:9      | Found a staircase to the Orcish Mines.
  9917 | D:9      | Reached XP level 11. HP: 48/89 MP: 15/20
 10414 | D:9      | Found a snail-covered altar of Cheibriados.
 10719 | D:10     | Entered Level 10 of the Dungeon
 10757 | D:10     | Reached skill level 9 in Unarmed Combat
 10780 | D:10     | Gained mutation: You occasionally shout uncontrollably at
                  | your foes. [a neqoxec]
 10807 | D:9      | Gained mutation: You cannot study or use magical devices.
                  | [Ru sacrifice]
 10807 | D:9      | Reached * piety under Ru
 10807 | D:9      | Reached ** piety under Ru
 10847 | D:10     | Found Abbinaif's Distillery.
 10877 | D:10     | Found Veuvvopua's Assorted Antiques.
 10880 | D:10     | Bought a potion of lignification for 39 gold pieces
 10880 | D:10     | Bought a potion of might for 52 gold pieces
 10956 | D:10     | Found Zasod's Assorted Antiques.
 10963 | D:10     | Bought 2 fuming silvery potions for 52 gold pieces
 10963 | D:10     | Bought 2 scrolls labelled TUISHA BOENKAE for 58 gold pieces
 10963 | D:10     | Bought a scroll labelled TUISHA BOENKAE for 29 gold pieces
 10963 | D:10     | Bought a scroll of identify for 58 gold pieces
 10966 | D:10     | Noticed a two-headed ogre
 10974 | D:10     | Killed a two-headed ogre
 10980 | D:10     | Noticed Maggie
 10989 | D:10     | Killed Maggie
 11177 | D:10     | Found Botzer's Weapon Emporium.
 11286 | D:10     | Noticed Grum
 11290 | D:10     | Found a staircase to the Lair.
 11303 | D:10     | Noticed Erica
 11506 | D:10     | Noticed a three-headed hydra
 11534 | D:9      | Killed a three-headed hydra
 11535 | D:9      | Reached skill level 10 in Unarmed Combat
 11769 | D:10     | HP: 5/110 [yak (2)]
 11772 | Lair:1   | Entered Level 1 of the Lair of Beasts
 11774 | Lair:1   | HP: 4/110 [poisoned by Grum]
 11775 | Lair:1   | Lost mutation: You occasionally shout uncontrollably at
                  | your foes. [potion of mutation]
 11775 | Lair:1   | Gained mutation: You occasionally shout uncontrollably at
                  | your foes. [potion of mutation]
 11775 | Lair:1   | Gained mutation: You are weak. (Str -2) [potion of
                  | mutation]
 12001 | Lair:1   | Found a dark tunnel.
 12001 | Lair:1   | Noticed a lindwurm
 12009 | Lair:1   | Killed a lindwurm
 12051 | Volcano  | Entered a volcano
 12131 | Volcano  | Reached skill level 11 in Unarmed Combat
 12208 | Volcano  | Reached skill level 10 in Dodging
 12349 | Volcano  | Noticed a stone giant
 12466 | Lair:1   | Reached XP level 12. HP: 91/103 MP: 17/21
 12700 | Lair:1   | Learned a level 5 spell: Blade Hands
 12736 | Lair:1   | Noticed a death yak
 12763 | Lair:1   | Slain by a death yak

Illustrated notes

Levels and vault maps discovered:
D:1:      saegor_arrival_simple_d, layout_basic,
          dilly_ecumenical_altar_fadedgnrine, st_stairs_12
D:2:      layout_basic
D:3:      layout_loops_cross, feat_on_display
D:4:      nicolae_cairo_tiling_very_big, layout_basic, lemuel_crystal_altar,
          portal_sewer_entry_f, eino_curves_01
D:5:      layout_cave_pods, minmay_temple_entry_junction_2, minmay_manual_mares
D:6:      minmay_chambers_of_threes, layout_basic, marbit_many_paths,
          minivault_26
D:7:      layout_rooms, nicolae_sif_muna_little_library, serial_shops,
          nicolae_shop_window_shopping, uniq_harold
D:8:      minmay_opposing_rooms, layout_loops_cross,
          mainiacjoe_overflow_24_doors, mainiacjoe_overflow_tiny_flanked,
          kennysheep_boxes, uniq_psyche
D:9:      layout_roguey, kennysheep_slug_shrine, erik_orc_3
D:10:     minmay_goldmine, layout_irregular_city, erik_lair_island,
          serial_shops, shop, nicolae_shop_hallway_stairs,
          nicolae_shop_statue_plus, nicolae_shop_stone, hangedman_ranch,
          uniq_maggie, uniq_grum, uniq_erica
Temple:   lightli_temple_of_artemis
Lair:1:   dreamdust_isle_of_ice, layout_regular_city,
          hellmonk_ghost_happy_afterlife, nicolae_volcano_entry_vermiform,
          serial_bayou_lake_a

Skill      XL: |  1  2  3  4  5  6  7  8  9 10 11 |
---------------+----------------------------------+-----
Transmutations | 3 4 5 7 8 10 | 10.0
Spellcasting   | 3 4 5 6 |  6.0
Poison Magic   | 1 |  1.0
Ice Magic      | 1 1 2 4 |  4.1
Dodging        | 4 7 10 | 10.3
Fighting       | 3 6 8 |  8.6
Unarmed Combat | 5 8 11 | 11.4

Action                   |  1- 3 |  4- 6 |  7- 9 | 10-12 || total
-------------------------+-------+-------+-------+-------++-------
Melee: Unarmed           |    46 |   233 |   436 |   442 ||  1157
       Headbutt          |     5 |    20 |     3 |     2 ||    30
       Kick              |     2 |    34 |     5 |     2 ||    43
       Tailslap          |     2 |    14 |     7 |    11 ||    34
       Punch             |       |     1 |     1 |       ||     2
 Cast: Beastly Appendage |    14 |    28 |     2 |     2 ||    46
       Spider Form       |       |    10 |    32 |       ||    42
       Ice Form          |       |       |    11 |    43 ||    54
       Blade Hands       |       |       |       |     1 ||     1
Invok: Sacrifice Artific |       |       |       |     1 ||     1
 Abil: Breathe Fire      |       |       |    13 |     6 ||    19
       End Transformatio |       |       |     2 |     5 ||     7
  Use: Scroll            |     1 |     6 |     6 |    15 ||    28
       Potion            |       |     1 |       |     5 ||     6
 Stab: Sleeping          |       |     1 |       |       ||     1
       Invisible         |       |       |       |     3 ||     3
Armor: Skin              |    22 |    54 |    75 |   126 ||   277
Dodge: Dodged            |    36 |   179 |   356 |   318 ||   889

Table legend: (Time is in decaauts)
 A = Elapsed time spent in this place.
 B = Non-inter-level travel time spent in this place.
 C = Inter-level travel time spent in this place.
 D = Time resting spent in this place.
 E = Time spent auto-exploring this place.
 F = Levels seen in this place.
 G = Mean time per level.
                   A        B        C        D        E       F      G
               +--------+--------+--------+--------+--------+-----+--------+
         Total |  12647 |  12170 |    477 |    370 |   9166 |  14 |  903.4 |
       Dungeon |  10862 |  10447 |    415 |    166 |   8127 |  10 | 1086.2 |
        Temple |    112 |     94 |     18 |      0 |     87 |   1 |  112.0 |
          Lair |    665 |    622 |     43 |     54 |    381 |   1 |  665.0 |
         Sewer |    702 |    702 |      0 |     91 |    394 |   1 |  702.0 |
       Volcano |    304 |    304 |      0 |     59 |    176 |   1 |  304.0 |
               +--------+--------+--------+--------+--------+-----+--------+

Top non-repeatable levels by time:
     D:2: 1497 daAuts
     D:4: 1414 daAuts
     D:5: 1227 daAuts
     D:6: 1213 daAuts
     D:1: 1132 daAuts
     D:8: 1104 daAuts
     D:9: 1005 daAuts
    D:10: 933 daAuts
     D:3: 721 daAuts
   Sewer: 702 daAuts
  Lair:1: 665 daAuts
     D:7: 613 daAuts
 Volcano: 304 daAuts
  Temple: 112 daAuts
